Match 39180994
Unlisted

Match 39180994
End
Construct Infanterie Kompanie
Selects Breakthrough Battlegroup
Grenadier Squad
MG 42 Machine Gun Team
Grenadier Squad
Construct Panzergrenadier Kompanie
Medical Station
MG 42 Bunker
Selects Assault Grenadiers
251 Medium Carrier
Selects 2.5-tonne Cargo Truck
Selects Rapid Production
Grenadier Squad
Grenadier Squad
Construct Panzer Kompanie
Stoßtruppen Squad
Sturmpanzer IV Brummbär
Selects Blitzkrieg
Panzer IV Medium Tank
Side Skirts
Stoßtruppen Squad
Pioneer Squad
Repair Bunker
Michael VIII Palaiologos
88xx
我是人参果
Dragon__Spirit
Honey
khj
Zebra
스팀계정족같네
0
0

Comments sign in to comment!

No comments posted yet!